AoeStats
← 嘴角一颗芝麻

Arabia

510116426Analyzed
1v1 RM · 4d ago on Sep 29, 2026· 43m 26s· 2 players
Game mode
Random Map
Map size
Tiny (2 player)
Population
200
Speed
Normal
Resources
Standard
Victory
Conquest
Starting age
Dark Age
Ending age
Imperial Age
RankedLock teamsTeams togetherTeam positionsShared explorationLock speedFull tech treeHidden civsTurbo modeCheats
Victory
Defeat
🇨🇳 Wei · China
1434
+13
🇮🇹 Byzantines · Italy
1371
-13
El_Mona_TeRRoRisTA
5:14 Loom
9:40 Feudal Age
10:21 Double-Bit Axe
20:28 Castle Age
18:13 Horse Collar
19:10 Scale Barding Armor
19:15 Forging
19:31 Forging
21:33 Husbandry
22:29 Chain Barding Armor
23:43 Bow Saw
26:25 Iron Casting
27:23 Wheelbarrow
39:40 Imperial Age
37:26 Hand Cart
36:36 Elite Skirmisher
37:27 Gold Mining
37:28 Stone Mining
37:38 Fletching
37:56 Padded Archer Armor
39:07 Ballistics
38:27 Treadmill Crane
40:06 Gold Shaft Mining
39:32 Heavy Plow
40:14 Bodkin Arrow
41:36 Chemistry
40:32 Cavalier
40:49 Heavy Camel Rider
嘴角一颗芝麻
5:46 Loom
8:53 Feudal Age
9:44 Double-Bit Axe
10:56 Horse Collar
11:35 Town Watch
16:06 Wheelbarrow
16:05 Gold Mining
20:02 Castle Age
19:11 Fletching
19:34 Bloodlines
19:30 Padded Archer Armor
19:26 Stone Mining
20:46 Bodkin Arrow
21:03 Bow Saw
20:56 Heavy Plow
21:35 Gold Shaft Mining
21:48 Leather Archer Armor
22:45 Husbandry
25:28 Hand Cart
28:18 Ballistics
38:12 Imperial Age
38:30 Scale Barding Armor
39:03 Bracer
40:04 Chemistry
40:29 Ring Archer Armor
40:20 Chain Barding Armor
40:55 Parthian Tactics
40:36 Thumb Ring
40:56 Conscription
40:28 Elite Tiger Cavalry
42:02 Forging
43:38 Iron Casting
Connection lost

Rejoining the realm…

Still unreachable

The connection could not be restored.

Session expired

The server has moved on; the page needs a fresh start.